AoeStats
← uli2099

Pilgrims

509847493Analyzed
4v4 RM · 5d ago on Sep 28, 2026· 44m 36s· 8 players
Game mode
Random Map
Map size
Large (8 player)
Population
200
Speed
Normal
Resources
Standard
Victory
Conquest
Starting age
Dark Age
Ending age
Imperial Age
RankedLock teamsTeams togetherTeam positionsShared explorationLock speedFull tech treeHidden civsTurbo modeCheats
Victory
Defeat
🇩🇪 Vikings · Germany
1249
+15
🇦🇺 Celts · Australia
1191
+17
🇭🇰 Italians · Hong Kong SAR China
1183
+17
🇲🇽 Danes · Mexico
1119
+19
🇲🇽 Varangians · Mexico
1261
-19
🇲🇽 Danes · Mexico
1234
-18
🇺🇸 Persians · United States
1210
-17
🇲🇽 Italians · Mexico
1139
-14
_MZTK_SIRO_
10:02 Loom
13:23 Feudal Age
14:00 Double-Bit Axe
16:57 Castle Age
14:58 Stone Mining
26:17 Scale Mail Armor
33:12 Wheelbarrow
32:23 Town Watch
32:45 Horse Collar
37:20 Chain Mail Armor
38:37 Forging
41:09 Hand Cart
40:58 Padded Archer Armor
40:50 Arson
41:05 Squires
42:05 Arson
42:21 Squires
MZTK l ROD
5:50 Loom
12:16 Feudal Age
12:44 Double-Bit Axe
12:47 Fishing Lines
14:32 Fletching
17:05 Horse Collar
19:43 Castle Age
17:43 Gold Mining
19:38 Scale Barding Armor
19:44 Forging
19:50 Bloodlines
34:37 Husbandry
38:43 Bodkin Arrow
38:48 Padded Archer Armor
40:12 Wheelbarrow
40:39 Stone Mining
40:13 Elite Skirmisher
MZTK | GaboxNet .i.
8:09 Loom
10:12 Feudal Age
10:49 Double-Bit Axe
11:04 Fishing Lines
21:59 Castle Age
21:02 Fletching
24:44 Crossbowman
26:03 Bodkin Arrow
30:49 Padded Archer Armor
34:15 Bow Saw
38:52 Horse Collar
MZTK | PinPon
7:53 Loom
10:54 Feudal Age
17:35 Castle Age
20:14 Medium Warships
28:52 Murder Holes
33:00 Double-Bit Axe
43:22 Demolition Ship
Soldado1rken
9:41 Loom
13:04 Feudal Age
13:07 Man-at-Arms
13:55 Arson
16:42 Scale Mail Armor
17:58 Wheelbarrow
17:42 Double-Bit Axe
18:22 Forging
19:19 Town Watch
24:20 Castle Age
25:00 Gold Mining
25:01 Stone Mining
24:52 Horse Collar
25:24 Bow Saw
25:31 Hand Cart
25:19 Long Swordsman
26:01 Squires
25:47 Gambesons
34:28 Hamask
38:13 Chain Mail Armor
uli2099
6:32 Loom
10:45 Feudal Age
12:26 Double-Bit Axe
13:34 Fishing Lines
14:35 Gold Mining
18:35 Castle Age
16:37 Fletching
20:51 Gold Shaft Mining
20:46 Bow Saw
20:37 Gillnets
21:07 Medium Warships
20:55 Pikeman
22:27 Stone Mining
25:42 Scale Mail Armor
25:53 Forging
26:26 Squires
28:15 Chain Mail Armor
28:36 Iron Casting
29:49 Crossbowman
36:16 Bodkin Arrow
36:36 Horse Collar
40:33 Imperial Age
40:20 Ballistics
40:12 Masonry
40:30 Arson
40:41 Arbalester
41:26 Bracer
41:54 Conscription
43:14 Blast Furnace
42:45 Plate Mail Armor
44:23 Chemistry
Vanilla Gorilla
11:34 Feudal Age
12:51 Double-Bit Axe
15:53 Fishing Lines
21:21 Castle Age
19:07 Loom
19:15 Stone Mining
19:16 Gold Mining
23:25 Bow Saw
23:52 Gillnets
24:28 Medium Warships
24:41 Padded Archer Armor
26:24 Wheelbarrow
25:57 Fletching
26:08 Scale Mail Armor
26:46 Bodkin Arrow
27:16 Ballistics
28:53 Hand Cart
31:08 Chain Mail Armor
32:45 Horse Collar
37:18 Imperial Age
35:22 Stronghold
35:56 Murder Holes
36:11 Arson
38:34 Conscription
38:46 Plate Mail Armor
38:27 Forging
38:47 Elite Woad Raider
41:24 Iron Casting
43:30 Blast Furnace
Dr.Lang
6:33 Loom
9:22 Feudal Age
16:54 Forging
18:01 Fletching
18:11 Padded Archer Armor
21:09 Castle Age
20:49 Double-Bit Axe
20:55 Gold Mining
22:00 Medium Warships
25:23 Iron Casting
26:11 Stone Mining
30:09 Imperial Age
27:24 Treadmill Crane
31:53 Chemistry
32:30 Conscription
Connection lost

Rejoining the realm…

Still unreachable

The connection could not be restored.

Session expired

The server has moved on; the page needs a fresh start.